 Dungeon Crawl Stone Soup version 0.28-a0-472-g50180c0d78 (webtiles) character file.

Game seed: 5576954180228934502

135 Dabor the Skirmisher (level 5, -3/42 HPs)
             Began as a Formicid Abyssal Knight on Sept 15, 2021.
             Was a Believer of Lugonu.
             Slain by flestrin's ghost (7 damage)
             ... on level 3 of the Dungeon.
             The game lasted 00:06:31 (2178 turns).

Dabor the Skirmisher (Formicid Abyssal Knight)      Turns: 2178, Time: 00:06:31

Health: -3/42      AC: 11    Str: 18    XL:     5   Next: 41%
Magic:  7/7        EV:  7    Int: 11    God:    Lugonu [**....]
Gold:   105        SH:  0    Dex: 10    Spells: 4/4 levels left

rFire   . . .      SeeInvis +   a - +0 war axe (vorpal)
rCold   . . .      Faith    .   (no shield)
rNeg    . . .      Spirit   .   i - +1 chain mail
rPois   .          Reflect  .   (helmet unavailable)
rElec   .          Harm     .   (no cloak)
rCorr   .          Rampage  .   (no gloves)
Will    .....                   l - +0 pair of boots
Stlth   ..........              (no amulet)
HPRegen 0.14/turn               (no ring)
MPRegen 0.10/turn               (no ring)

@: no status effects
A: permanent stasis, dig shafts and tunnels, antennae 3, four strong arms
a: Dig, Shaft Self, Renounce Religion, Depart the Abyss, Bend Space


You were on level 3 of the Dungeon.
You worshipped Lugonu.
Lugonu was pleased with you.
You visited 1 branch of the dungeon, and saw 3 of its levels.
You visited the Abyss 1 time.

You collected 105 gold pieces.

Inventory:

Hand Weapons
 a - a +0 vorpal war axe (weapon)
Armour
 b - a +0 leather armour
 i - a +1 chain mail (worn)
 l - a +0 pair of boots (worn)
Jewellery
 h - an amulet of faith
Scrolls
 e - a scroll of amnesia
 m - a scroll of teleportation {unknown}
Potions
 c - a potion of attraction {unknown}
 d - 3 potions of curing {unknown}
 g - 2 potions of heal wounds {unknown}
 j - a potion of haste {unknown}
 k - 2 potions of berserk rage {unknown}


   Skills:
 + Level 4.0 Fighting
 + Level 2.9 Polearms
 + Level 3.2 Armour
 + Level 2.0 Dodging
 + Level 3.3 Invocations


You had 4 spell levels left.
You didn't know any spells.
Your spell library was empty.

Dungeon Overview and Level Annotations

Branches:
Dungeon (3/15)

Altars:
Gozag

Shops:
D:2 =

Annotations:
D:3 flestrin's ghost, amateur DsGl


Innate Abilities, Weirdness & Mutations

You cannot be hasted, slowed, berserked, paralysed or teleported.
You can dig through walls and to a lower floor.
You have a pair of large antennae on your head. (SInv)
Your four strong arms can wield two-handed weapons with a shield.


Message History

Flestrin's ghost is heavily damaged.
Flestrin's ghost hits you but does no damage.
You miss flestrin's ghost.
Flestrin's ghost is heavily damaged.
Flestrin's ghost closely misses you.
Flestrin's ghost hits you but does no damage.
You closely miss flestrin's ghost.
Flestrin's ghost is heavily damaged.
Flestrin's ghost hits you but does no damage.
You closely miss flestrin's ghost.
Flestrin's ghost is heavily damaged.
Flestrin's ghost barely misses you.
Flestrin's ghost says very slowly, "There's no hope."
Flestrin's ghost hits you.
* * * LOW HITPOINT WARNING * * *
As you read the scroll labelled GEGOJO WAOG, it crumbles to dust.
It is a scroll of brand weapon.
Your +0 war axe emits a brilliant flash of light!
a - a +0 vorpal war axe (weapon)
You slash flestrin's ghost!
Flestrin's ghost is severely damaged.
Flestrin's ghost hits you but does no damage. x2
You miss flestrin's ghost.
Flestrin's ghost is severely damaged.
Flestrin's ghost hits you.
* * * LOW HITPOINT WARNING * * *
You closely miss flestrin's ghost.
Flestrin's ghost is severely damaged.
Flestrin's ghost hits you.
* * * LOW HITPOINT WARNING * * *
Flestrin's ghost barely misses you.
You barely miss flestrin's ghost.
Flestrin's ghost is severely damaged.
Flestrin's ghost hits you.
* * * LOW HITPOINT WARNING * * *
You slash flestrin's ghost!
Flestrin's ghost is almost destroyed.
Flestrin's ghost hits you but does no damage.
Flestrin's ghost hits you!
You die...

#.######.#.# #......
#...(..#.#.################.###.#
#.######.........................
#.# ###.################.###..
#.# #.# #####...# ##) #.# #.#
#.......# #. #<# #.# #.......# #.
#.# #.##########.......##### #.#
#......@WJ.........##... #.#
###########........##.## #.#
#...†....##.# ### #........##.#
#........##.# #...........#
########.#### ######.# # #....{.#
#


You could see a jelly and flestrin's ghost.

Vanquished Creatures
  Jessica (D:2)
  A howler monkey zombie (D:3)
  4 adders
  An ufetubus (D:3)
  A worm (D:2)
  2 orcs (D:3)
  3 ball pythons
  6 bats
  4 endoplasms
  6 giant cockroaches
  8 goblins
  4 hobgoblins
  3 kobolds (D:3)
  5 frilled lizards
  3 rats (D:1)
52 creatures vanquished.

Notes
Turn   | Place    | Note
-------+----------+-------------------------------------------
     0 | Abyss:1  | Dabor the Formicid Abyssal Knight began the quest for the
                  | Orb.
     0 | Abyss:1  | Reached XP level 1. HP: 18/18 MP: 2/2
     0 | D:1      | Escaped the Abyss
    80 | D:1      | Reached skill level 1 in Dodging
   179 | D:1      | Reached * piety under Lugonu
   202 | D:1      | Reached XP level 2. HP: 21/24 MP: 3/3
   663 | D:2      | Noticed Jessica
   669 | D:2      | Killed Jessica
   670 | D:2      | Reached XP level 3. HP: 29/30 MP: 3/5
   750 | D:2      | Reached XP level 4. HP: 37/37 MP: 6/6
   866 | D:2      | Found a faded altar of an unknown god.
  1024 | D:2      | Found Kelu's Jewellery Emporium.
  1451 | D:3      | Reached XP level 5. HP: 42/42 MP: 7/7
  1471 | D:3      | Reached ** piety under Lugonu
  1725 | D:3      | Found a runed translucent gate.
  1727 | D:3      | Found a runed translucent gate.
  1727 | D:3      | Found a runed translucent gate.
  1728 | D:3      | Found an opulent altar of Gozag.
  1730 | D:3      | Noticed flestrin's ghost (amateur DsGl)
  1765 | D:3      | Reached skill level 4 in Fighting
  2178 | D:3      | Slain by flestrin's ghost

Illustrated notes

Levels and vault maps discovered:
D:1:      minmay_arrival_glassed_features, layout_rooms
D:2:      layout_basic, basic_ecumenical_altar, serial_shops,
          nicolae_shop_trees, minmay_worlds_worst_comb, uniq_jessica
D:3:      layout_basic, ebering_ghost_gozag, minmay_between

Skill      XL: |  1  2  3  4  5 |
---------------+----------------+-----
Dodging        | 1 2 |  2.0
Invocations    | 3 |  3.3
Armour         | 3 |  3.2
Fighting       | 4 |  4.0
Polearms       | |  2.9

Action                   |  1- 3 |  4- 6 || total
-------------------------+-------+-------++-------
Melee: Spear             |    68 |   112 ||   180
       War axe           |       |    21 ||    21
       Unarmed           |       |     2 ||     2
Invok: Depart the Abyss  |     1 |       ||     1
 Abil: Dig               |       |     2 ||     2
  Use: Scroll            |     4 |     1 ||     5
 Stab: Distracted        |     1 |       ||     1
Armor: Leather armour    |     7 |       ||     7
       Chain mail        |    18 |    70 ||    88
Dodge: Dodged            |    11 |    52 ||    63

Table legend: (Time is in decaauts)
 A = Elapsed time spent in this place.
 B = Non-inter-level travel time spent in this place.
 C = Inter-level travel time spent in this place.
 D = Time resting spent in this place.
 E = Time spent auto-exploring this place.
 F = Levels seen in this place.
 G = Mean time per level.
                   A        B        C        D        E       F      G
               +--------+--------+--------+--------+--------+-----+--------+
         Total |   2181 |   2142 |     39 |      0 |   1591 |   4 |  545.2 |
       Dungeon |   2181 |   2142 |     39 |      0 |   1591 |   3 |  727.0 |
         Abyss |      0 |      0 |      0 |      0 |      0 |   1 |    0.0 |
               +--------+--------+--------+--------+--------+-----+--------+

Top non-repeatable levels by time:
     D:3: 984 daAuts
     D:1: 657 daAuts
     D:2: 539 daAuts
